 Dungeon Crawl Stone Soup version 0.23-a0-489-g205b0b6 (webtiles) character file.

288 Leeroy the Charmwright (level 6, 0/50 HPs)
             Began as a Gnoll Skald on Dec 2, 2018.
             Was a Plaything of Xom.
             Slain by an orc wizard
             ... wielding a +1 dagger of protection
              (2 damage)
             ... on level 3 of the Dungeon.
             The game lasted 00:20:24 (3060 turns).

Leeroy the Charmwright (Gnoll Skald)                Turns: 3060, Time: 00:20:25

Health: 0/50       AC:  3    Str: 13 (15) XL:     6   Next: 31%
Magic:  12/14      EV: 14    Int: 13 (16) God:    Xom [....*.]
Gold:   79         SH:  0    Dex: 13 (14) Spells: 6/15 levels left

rFire    + . .     SeeInvis .   p - +0 long sword
rCold    . . .     Gourm    .   (no shield)
rNeg     . . .     Faith    .   b - +0 leather armour
rPois    .         Spirit   .   o - +0 helmet (curse)
rElec    .         Reflect  .   (no cloak)
rCorr    .         Harm     .   (no gloves)
MR       .....                  (no boots)
Stlth    ++........             (no amulet)
HPRegen  0.16/turn              (no ring)
MPRegen  0.14/turn              (no ring)

@: no status effects
A: distributed training, fangs 1, deformed body, fire resistance 1, strong nose
a: Renounce Religion


You were on level 3 of the Dungeon.
You worshipped Xom.
You were a beloved toy of Xom.
You were not hungry.

You visited 1 branch of the dungeon, and saw 3 of its levels.

You collected 79 gold pieces.

Inventory:

Hand Weapons
 a - a +0 falchion
 h - a +0 short sword
 j - a +0 spear
 n - a +0 short sword
 p - a +0 long sword (weapon)
 t - a +0 hunting sling
 v - a +0 scythe
 y - a +0 dagger
 B - a +0 hand axe
 C - a +0 spear
 E - a +0 short sword
 F - a +0 mace
 H - a +0 dagger
 K - a +0 dagger
Missiles
 f - 45 arrows
 i - 2 curare-tipped needles
 m - 30 stones (quivered)
 I - 14 bolts
Armour
 b - a +0 leather armour (worn)
 g - a cursed -2 leather armour
 k - a +1 chain mail
 o - a cursed +0 helmet (worn)
 q - a +0 robe
 G - a +0 shield
 J - a +0 scale mail
Jewellery
 L - a +1 ring of slaying
Scrolls
 u - a scroll of identify
 z - 2 scrolls of remove curse
 A - a scroll of magic mapping {unknown}
Potions
 r - a potion of brilliance {unknown}
 s - a potion of curing {unknown}
Comestibles
 d - 5 rations


   Skills:
 + Level 4.9 Fighting
 + Level 1.8 Short Blades
 + Level 4.9 Long Blades
 + Level 1.8 Axes
 + Level 1.8 Maces & Flails
 + Level 1.8 Polearms
 + Level 1.8 Staves
 + Level 1.8 Slings
 + Level 1.8 Bows
 + Level 1.8 Crossbows
 + Level 1.8 Throwing
 + Level 3.2 Armour
 + Level 4.9 Dodging
 + Level 1.8 Stealth
 + Level 1.8 Shields
 + Level 1.8 Unarmed Combat
 + Level 5.3 Spellcasting
 + Level 1.4 Conjurations
 + Level 1.4 Hexes
 + Level 5.6 Charms
 + Level 1.4 Summonings
 + Level 1.4 Necromancy
 + Level 1.4 Translocations
 + Level 1.4 Transmutations
 + Level 1.4 Fire Magic
 + Level 1.4 Ice Magic
 + Level 1.4 Air Magic
 + Level 1.4 Earth Magic
 + Level 1.4 Poison Magic
 + Level 2.0 Invocations
 + Level 1.8 Evocations


You had 6 spell levels left.
You knew the following spells:

 Your Spells              Type           Power        Failure   Level  Hunger
a - Infusion              Chrm           ###.         2%          1    None
b - Shroud of Golubria    Chrm/Tloc      ##........   9%          2    ##.....
c - Regeneration          Chrm/Necr      ##........   16%         3    ###....
d - Spectral Weapon       Hex/Chrm       ##......     16%         3    ###....

Your spell library contained the following spells:

 Spells                   Type           Power        Failure   Level  Hunger
 Song of Slaying          Chrm           ###.....     3%          2    ##.....


Dungeon Overview and Level Annotations

Branches:
Dungeon (3/15)

Altars:
Xom


Innate Abilities, Weirdness & Mutations

Your experience applies equally to all skills.
You have very sharp teeth.
Your uncanny sense of smell can sniff out nearby items.
Armour fits poorly on your strangely shaped body.
Your flesh is heat resistant. (rF+)


Message History

* * * LOW HITPOINT WARNING * * *
Unknown command.
Press: ? - help, v - describe, . - travel The floor.
There is a cloud of blue smoke here.
Press: ? - help, v - describe, . - travel
Here: a butterfly (blue smoke, friendly, summoned)
The floor.
You closely miss something. Something hits you but does no damage.
The orc priest calls down the wrath of Beogh upon you.
Beogh smites you!
* * * LOW HITPOINT WARNING * * *
Something barely misses you.
Okay, then.
It was a potion of mutation.
You feel extremely strange.
Your body twists and deforms.
You feel resistant to heat.
Xom roars with laughter!
The orc priest mumbles some strange prayers to Beogh against you.
Something hits you.
You die...

##.......## #..
##.....##
##...## ##'##
#.# #.# ##.## #
##...##
######b#
##.....#
#.b(@{o#
#.....##
#.######
####.###)####.#
.....# #......#
####.###.######
#.....#
####.######
#.......#
#..####.#


You could see an orc priest and a friendly spectral +0 long sword.

Vanquished Creatures
  Sigmund (D:2)
  3 gnolls (D:3)
  3 adders
  An adder skeleton (D:2)
  2 worms (D:2)
  2 dart slugs
  6 orcs (D:3)
  2 bats (D:1)
  7 giant cockroaches
  6 goblins
  4 hobgoblins
  10 kobolds
  2 quokkas
  A ball python (D:1)
  4 frilled lizards
  7 rats
61 creatures vanquished.

Vanquished Creatures (others)
  2 goblins (D:2)
  A frilled lizard (D:2)
3 creatures vanquished.

Grand Total: 64 creatures vanquished

Notes
Turn   | Place    | Note
-------+----------+-------------------------------------------
     0 | D:1      | Leeroy the Gnoll Skald began the quest for the Orb.
     0 | D:1      | Reached XP level 1. HP: 20/20 MP: 6/6
   142 | D:1      | Reached XP level 2. HP: 20/26 MP: 7/7
   700 | D:1      | Learned a level 2 spell: Shroud of Golubria
  1058 | D:2      | Reached XP level 3. HP: 29/31 MP: 9/9
  1067 | D:2      | Found a shimmering altar of Xom.
  1078 | D:2      | Became a worshipper of Xom of Chaos
  1132 | D:2      | XOM: harmless Chrm miscast
  1179 | D:2      | Reached skill level 5 in Spellcasting
  1306 | D:2      | Noticed Sigmund
  1317 | D:2      | XOM: potion effect (haste)
  1343 | D:2      | XOM: harmless Necr miscast
  1349 | D:2      | XOM: enchant monster (good)
  1356 | D:2      | Killed Sigmund
  1356 | D:2      | Reached skill level 1 in Short Blades
  1356 | D:2      | Reached skill level 1 in Axes
  1356 | D:2      | Reached skill level 1 in Maces & Flails
  1356 | D:2      | Reached skill level 1 in Polearms
  1356 | D:2      | Reached skill level 1 in Staves
  1356 | D:2      | Reached skill level 1 in Slings
  1356 | D:2      | Reached skill level 1 in Bows
  1356 | D:2      | Reached skill level 1 in Crossbows
  1356 | D:2      | Reached skill level 1 in Throwing
  1356 | D:2      | Reached skill level 1 in Stealth
  1356 | D:2      | Reached skill level 1 in Shields
  1356 | D:2      | Reached skill level 1 in Unarmed Combat
  1356 | D:2      | Reached skill level 1 in Conjurations
  1356 | D:2      | Reached skill level 1 in Hexes
  1356 | D:2      | Reached skill level 1 in Summonings
  1356 | D:2      | Reached skill level 1 in Necromancy
  1356 | D:2      | Reached skill level 1 in Translocations
  1356 | D:2      | Reached skill level 1 in Transmutations
  1356 | D:2      | Reached skill level 1 in Fire Magic
  1356 | D:2      | Reached skill level 1 in Ice Magic
  1356 | D:2      | Reached skill level 1 in Air Magic
  1356 | D:2      | Reached skill level 1 in Earth Magic
  1356 | D:2      | Reached skill level 1 in Poison Magic
  1356 | D:2      | Reached skill level 1 in Invocations
  1356 | D:2      | Reached skill level 1 in Evocations
  1356 | D:2      | Reached XP level 4. HP: 31/38 MP: 11/11
  1356 | D:2      | Reached XP level 5. HP: 35/43 MP: 12/12
  1468 | D:2      | XOM: polymorph adder -> giant cockroach
  1601 | D:2      | Learned a level 3 spell: Regeneration
  1605 | D:2      | Learned a level 3 spell: Spectral Weapon
  1654 | D:2      | XOM: mild Pois miscast
  2201 | D:3      | Reached XP level 6. HP: 41/50 MP: 13/13
  2281 | D:3      | XOM: scenery: 2 doors open, 1 doors close
  2759 | D:3      | XOM is BORED!
  2759 | D:3      | XOM: mild Pois miscast
  3052 | D:3      | XOM: butterfly on damage
  3055 | D:3      | XOM: fog
  3059 | D:3      | HP: 2/50 [orc priest/divine providence (10)]
  3060 | D:3      | Gained mutation: Armour fits poorly on your strangely
                  | shaped body. [potion of mutation]
  3060 | D:3      | Gained mutation: Your flesh is heat resistant. (rF+)
                  | [potion of mutation]
  3060 | D:3      | Slain by an orc wizard

Vault maps used:
D:1:      dpeg_arrival_line_fractal
D:2:      roderic_malta_cross, brannock_xom_greatest_gift, uniq_sigmund

Skill      XL: |  1  2  3  4  5  6 |
---------------+-------------------+-----
Spellcasting   | 5 |  5.3
Short Blades   | 1 |  1.8
Axes           | 1 |  1.8
Maces & Flails | 1 |  1.8
Polearms       | 1 |  1.8
Staves         | 1 |  1.8
Slings         | 1 |  1.8
Bows           | 1 |  1.8
Crossbows      | 1 |  1.8
Throwing       | 1 |  1.8
Armour         | 3 |  3.2
Stealth        | 1 |  1.8
Shields        | 1 |  1.8
Unarmed Combat | 1 |  1.8
Conjurations   | 1 |  1.4
Hexes          | 1 |  1.4
Summonings     | 1 |  1.4
Necromancy     | 1 |  1.4
Translocations | 1 |  1.4
Transmutations | 1 |  1.4
Fire Magic     | 1 |  1.4
Ice Magic      | 1 |  1.4
Air Magic      | 1 |  1.4
Earth Magic    | 1 |  1.4
Poison Magic   | 1 |  1.4
Invocations    | 1 2 |  2.0
Evocations     | 1 |  1.8
Fighting       | |  4.9
Long Blades    | |  4.9
Dodging        | |  4.9
Charms         | |  5.6

Action                   |  1- 3 |  4- 6 || total
-------------------------+-------+-------++-------
Melee: Falchion          |    79 |    99 ||   178
       Bite              |     6 |    16 ||    22
       Punch             |       |     1 ||     1
       Long sword        |       |    26 ||    26
 Fire: Hunting sling     |    19 |       ||    19
 Cast: Infusion          |       |     1 ||     1
       Spectral Weapon   |       |     1 ||     1
  Use: Scroll            |     1 |     5 ||     6
       Potion            |     1 |     3 ||     4
 Stab: Paralysed         |     1 |       ||     1
  Eat: Chunk             |     1 |     6 ||     7
Armor: Leather armour    |     4 |    13 ||    17
       Chain mail        |    31 |    57 ||    88
Dodge: Dodged            |    39 |    72 ||   111
Block: Shield            |       |     4 ||     4
       Rpst.: Falchion   |    10 |    13 ||    23
       Long sword        |       |     8 ||     8

Table legend:
 A = Non-vault XP
 B = Vault XP
 C = Vault XP percentage of total XP
 D = Non-vault monster count
 E = Vault monster count
 F = Vault count percentage of total count
                 A         B        C        D         E       F
            +---------+---------+-------+---------+---------+-------
      Total |     192 |     220 |  53.4 |      60 |       1 |   1.6
            +---------+---------+-------+---------+---------+-------
        D:1 |      26 |       0 |   0.0 |      15 |       0 |   0.0
        D:2 |      67 |     220 |  76.7 |      20 |       1 |   4.8
        D:3 |      99 |       0 |   0.0 |      25 |       0 |   0.0
            +---------+---------+-------+---------+---------+-------
